 Dungeon Crawl Stone Soup version 0.19-a0-1401-g902f63d (webtiles) character file.

458 Amnesiac the Scholar of Death (level 6, -2/32 HPs)
             Began as a Deep Elf Necromancer on Sept 4, 2016.
             Was a Follower of Kikubaaqudgha.
             Slain by a phantom (8 damage)
             ... on level 4 of the Dungeon.
             The game lasted 00:13:31 (3789 turns).

Amnesiac the Scholar of Death (DENe)                Turns: 3789, Time: 00:13:32

Health: -2/32      AC:  3    Str:  5    XL:     6   Next: 77%
Magic:  8/17       EV: 13    Int: 22    God:    Kikubaaqudgha [*.....]
Gold:   70         SH:  0    Dex: 17    Spells: 6 memorised, 5 levels left

rFire  . . .     SeeInvis .     n - +0 mace
rCold  + . .     Gourm    .     t - +0 robe of Lugonu's Reproof {MR+ Int+2} (curse)
rNeg   . . .     Faith    .     (no shield)
rPois  .         Spirit   .     (no helmet)
rElec  .         Dismiss  .     (no cloak)
rCorr  .         Reflect  .     x - +0 pair of gloves
MR     +....     Harm     .     (no boots)
Stlth  ++........               (no amulet)
                                (no ring)
                                k - ring of protection from cold

@: no status effects
A: no striking features
a: Receive Corpses, Renounce Religion


You were on level 4 of the Dungeon.
You worshipped Kikubaaqudgha.
Kikubaaqudgha was aware of your devotion.
You were hungry.

You visited 2 branches of the dungeon, and saw 5 of its levels.

You collected 212 gold pieces.
You spent 142 gold pieces at shops.

Inventory:

Hand Weapons
 a - a +0 war axe of electrocution
 n - a +0 mace (weapon)
Armour
 t - the cursed +0 robe of Lugonu's Reproof (worn) {MR+ Int+2}
   (You bought it in a shop on level 4 of the Dungeon)

   It affects your intelligence (+2).
   It affects your resistance to hostile enchantments.
   It has a curse placed upon it.
 x - a +0 pair of gloves (worn)
Jewellery
 k - a ring of protection from cold (left hand)
Scrolls
 e - 2 scrolls of fog {unknown}
 f - 2 scrolls of remove curse {unknown}
 g - a scroll of magic mapping {unknown}
 m - 4 scrolls of identify {unknown}
 r - a scroll of enchant armour {unknown}
 s - a scroll of immolation {unknown}
 v - a scroll of amnesia {unknown}
Potions
 d - 3 potions of curing {unknown}
 h - 2 potions of flight {unknown}
 o - a potion of agility {unknown}
 q - a potion of invisibility {unknown}
 w - a potion of magic {unknown}
Books
 b - a book of Necromancy

   Spells                             Type                      Level
   a - Pain                           Necromancy                   1
   b - Animate Skeleton               Necromancy                   1
   c - Vampiric Draining              Necromancy                   3
   d - Regeneration                   Charms/Necromancy            3
   e - Animate Dead                   Necromancy                   4
   f - Control Undead                 Necromancy                   4
 u - Kikubaaqudgha's Guide on Black Magic
   (Kikubaaqudgha gifted it to you on level 2 of the Dungeon)

   Spells                             Type                      Level
   a - Pain                           Necromancy                   1
   b - Corpse Rot                     Necromancy                   2
   c - Sublimation of Blood           Necromancy                   2
   d - Regeneration                   Charms/Necromancy            3
   e - Control Undead                 Necromancy                   4
Comestibles
 c - 4 bread rations
 i - a meat ration
 j - 9 fruits
 l - a royal jelly
 p - a beef jerky


   Skills:
 - Level 2.4 Dodging
 - Level 2.4 Stealth
 + Level 6.1 Spellcasting
 * Level 8.5 Necromancy


You had 5 spell levels left.
You knew the following spells:

 Your Spells              Type           Power        Failure   Level  Hunger
a - Animate Skeleton      Necr           N/A          1%          1    None
c - Sublimation of Blood  Necr           #####.....   1%          2    None
d - Corpse Rot            Necr           N/A          1%          2    None
f - Vampiric Draining     Necr           #####.....   1%          3    #......
r - Regeneration          Chrm/Necr      ####......   6%          3    #......
z - Pain                  Necr           ####         1%          1    None


Dungeon Overview and Level Annotations

Branches:
Dungeon (4/15)             Temple (1/1) D:4

Altars:
Fedhas
Hepliaklqana
Kikubaaqudgha
Makhleb
Nemelex Xobeh
Qazlal
Uskayaw
Vehumet
Xom
Zin
The Shining One

Shops:
D:4 [


Message History

Casting: Regeneration
Confirm with . or Enter, or press ? or * to list all spells.
Your skin crawls.
Your skin is crawling a little less now.
You hit the phantom but do no damage.
The phantom is lightly damaged.
The phantom hits you.
You hit the phantom but do no damage.
The phantom is lightly damaged.
The phantom hits you. x2; The phantom blinks!
You hit the phantom.
The phantom is lightly damaged.
Your skin stops crawling.
The phantom hits you.
* * * LOW HITPOINT WARNING * * *
You hit the phantom but do no damage.
The phantom is lightly damaged.
The phantom hits you!
You die...
Kikubaaqudgha rasps: "You have failed me!
Welcome... death!"

##### ....# ###.# #.# #.# ###.###
.>....# .##.#.################
.##.#..........W@....#
.##.################.# .##.###
#.# ......## #.# #######
...###.## ##.######.....)
........# ###............##
........#########.........#.##...
..................#..####.#.#####
#.......########..#.......<.#


You could see a phantom.

Vanquished Creatures
  A phantom (D:4)
  An ogre (D:4)
  A scorpion (D:4)
  An orc priest (D:4)
  3 worker ants (D:4)
  2 adders
  An ooze (D:2)
  2 adder skeletons (D:4)
  3 worms
  3 giant geckos
  15 orcs
  2 ball pythons
  4 bats
  7 giant cockroaches
  11 goblins
  9 hobgoblins
  2 jackals (D:4)
  6 kobolds
  A giant gecko skeleton (D:4)
  A giant newt (D:2)
  9 rats
85 creatures vanquished.

Notes
Turn   | Place    | Note
-------+----------+-------------------------------------------
     0 | D:1      | Amnesiac the Deep Elf Necromancer began the quest for the Orb.
     0 | D:1      | Reached XP level 1. HP: 10/10 MP: 6/6
    67 | D:2      | Reached skill level 5 in Necromancy
   126 | D:3      | Reached XP level 2. HP: 8/15 MP: 2/8
   572 | D:3      | Found a sparkling altar of Nemelex Xobeh.
  1019 | D:4      | Reached XP level 3. HP: 19/19 MP: 8/10
  1027 | D:4      | Learned a level 3 spell: Vampiric Draining
  1031 | D:4      | Learned a level 3 spell: Regeneration
  1275 | D:4      | Reached skill level 6 in Necromancy
  1275 | D:4      | Reached XP level 4. HP: 19/24 MP: 7/12
  1576 | D:4      | Found a staircase to the Ecumenical Temple.
  1578 | D:4      | Noticed a phantom
  1584 | Temple   | Entered the Ecumenical Temple
  1601 | Temple   | Became a worshipper of Kikubaaqudgha
  1725 | D:1      | Learned a level 1 spell: Animate Skeleton
  1735 | D:1      | Reached XP level 5. HP: 26/28 MP: 10/14
  1951 | D:1      | You fall through a shaft!
  2272 | D:2      | Found a glowing silver altar of Zin.
  2272 | D:2      | Found a hazy altar of Hepliaklqana.
  2274 | D:2      | Found a stormy altar of Qazlal.
  2358 | D:2      | Reached skill level 5 in Spellcasting
  2510 | D:2      | Reached skill level 7 in Necromancy
  2511 | D:2      | Reached * piety under Kikubaaqudgha
  2511 | D:2      | Identified Kikubaaqudgha's Guide on Black Magic (Kikubaaqudgha gifted it to you on level 2 of the Dungeon)
  2511 | D:2      | Received a gift from Kikubaaqudgha
  2516 | D:2      | Learned a level 2 spell: Sublimation of Blood
  2519 | D:2      | Learned a level 2 spell: Corpse Rot
  3114 | D:2      | You fall through a shaft for 2 floors!
  3141 | D:4      | Found Banish's Antique Armour Shoppe.
  3163 | D:4      | Bought an ominously black robe for 142 gold pieces
  3173 | D:4      | Identified the cursed +0 robe of Lugonu's Reproof {MR+ Int+2} (You bought it in a shop on level 4 of the Dungeon)
  3300 | D:4      | Noticed an ogre
  3350 | D:4      | Killed an ogre
  3350 | D:4      | Reached XP level 6. HP: 32/32 MP: 1/16
  3451 | D:4      | Reached skill level 8 in Necromancy
  3567 | D:4      | HP: 1/32 [phantom (7)]
  3789 | D:4      | Slain by a phantom

Vault maps used:
D:1:      minmay_arrival_up_and_down, serial_bayou_lagoon_a, minmay_misc_feat_x,
          minmay_three_crescents
D:2:      gammafunk_temple_overflow_forgotten, led_sif_pool,
          guppyfry_early_orc_mine, uniq_crazy_yiuf_cottage
D:3:      lemuel_round_altar, first_bread, grunt_decor_cap, minivault_5,
          nicolae_ru_the_path_less_chosen
D:4:      serial_shops, shop_coins, nicolae_underground_beach
Temple:   dshaligram_water_room_temple

Skill      XL: |  1  2  3  4  5  6 |
---------------+-------------------+-----
Necromancy     | 5 6 7 8 |  8.5
Spellcasting   | 4 5 6 |  6.1
Dodging        | |  2.4
Stealth        | |  2.4

Action                   |  1- 3 |  4- 6 || total
-------------------------+-------+-------++-------
Melee: Mace              |     8 |    96 ||   104
 Cast: Pain              |    44 |   125 ||   169
       Regeneration      |     1 |    21 ||    22
       Vampiric Draining |       |     4 ||     4
  Eat: Chunk             |     1 |     9 ||    10
Armor: Robe              |     1 |     6 ||     7
Dodge: Dodged            |    18 |    71 ||    89
